 Dungeon Crawl Stone Soup version 0.30-a0-728-gc68057be0a (webtiles) character file.

Game seed: 5307277389774119412

10166 iguanaiguana the Nimble (level 12, 0/107 HPs)
             Began as a Meteoran Delver on Jan 31, 2023.
             Was an Elder of Wu Jian.
             Slain by a sun demon (16 damage)
             ... summoned by a kobold demonologist
             ... on level 10 of the Dungeon.
             The game lasted 00:49:10 (4351 turns).

iguanaiguana the Nimble (Meteoran Delver)           Turns: 4351, Time: 00:49:10

Health: 0/107      AC: 12    Str: 16    XL:     12   Next: 15%
Magic:  0/13       EV: 21    Int: 12    God:    Wu Jian [****..]
Gold:   558        SH:  7    Dex: 19    Spells: 11/11 levels left

rFire   . . .      SeeInvis .    Q - +0 morningstar
rCold   . . .      Faith    .    b - +0 buckler
rNeg    . . .      Spirit   +    H - +2 steam dragon scales
rPois   .          Reflect  .    K - +1 helmet
rElec   .          Harm     .    t - +2 cloak
rCorr   .          Rampage  .    (no gloves)
Will    +....                    (no boots)
Stlth   +                        h - amulet of guardian spirit
HPRegen 0.37/turn                (no ring)
MPRegen 0.13/turn                (no ring)

@: exhausted, glowing, studying Dodging
A: sense surroundings 2, otherworldly, glowing, explore regen
a: Renounce Religion, Wall Jump, Serpent's Lash


You were on level 10 of the Dungeon.
You worshipped Wu Jian.
Wu Jian was greatly pleased with you.
You visited 2 branches of the dungeon, and saw 11 of its levels.
You also visited: Ossuary and Bailey.

You collected 698 gold pieces.
You spent 140 gold pieces at shops.

Inventory:

Hand Weapons
 a - a +2 dagger of holy wrath
 u - a +0 glaive
 y - a +3 quarterstaff of chaos
 Q - a +0 morningstar (weapon)
Missiles
 d - 3 atropa-tipped darts
 D - 22 poisoned darts (quivered)
 E - a curare-tipped dart
Armour
 b - a +0 buckler (worn)
 t - a +2 cloak (worn)
 A - a +0 helmet
 F - a +0 troll leather armour
 H - +2 steam dragon scales (worn)
 K - a +1 helmet (worn)
Magical Staves
 l - a staff of air
Jewellery
 h - an amulet of guardian spirit (around neck)
 G - an amulet of regeneration
Wands
 g - a wand of digging (9) {@v3}
 C - a wand of mindburst (1)
 J - a wand of charming (1)
Scrolls
 c - 3 scrolls of fog
 e - a scroll of fear
 f - a scroll of summoning
 k - 2 scrolls of poison
 m - 2 scrolls of teleportation {@r3}
 p - 4 scrolls of silence
 s - a scroll of noise {unknown}
 v - 3 scrolls of magic mapping {@r5}
 w - a scroll of blinking {@r4}
 x - 3 scrolls of amnesia
 z - a scroll of vulnerability {unknown}
 M - 2 scrolls of torment
Potions
 i - 6 potions of heal wounds {@q2}
 j - 2 potions of mutation
 n - a potion of lignification
 o - 3 potions of curing {@q1}
 q - 3 potions of brilliance
 r - a potion of cancellation
 B - 2 potions of magic
 I - a potion of invisibility
 L - 2 potions of might {@q3}
 N - a potion of haste {@q4}
 O - a potion of berserk rage
 P - a potion of attraction {unknown}


   Skills:
 - Level 10.5 Fighting
 - Level 4.2(6.6) Axes
 + Level 4.0(7.3) Maces & Flails
 - Level 6.8(8.8) Polearms
 - Level 7.5(9.1) Staves
 - Level 3.0 Throwing
 - Level 14.0 Dodging
 - Level 3.7 Stealth
 - Level 8.0 Shields
 - Level 6.0 Evocations


You had 11 spell levels left.
You didn't know any spells.
Your spell library contained the following spells:

 Spells                   Type           Power      Damage    Failure   Level
 Dazzling Flash           Conj/Hex       0%         N/A       77%         3
 Agony                    Necr           0%         N/A       100%        5
 Silence                  Hex/Air        0%         N/A       100%        5
 Borgnjor's Revivificati  Necr           0%         N/A       100%        8
 Necromutation            Tmut/Necr      0%         N/A       100%        8
 Death's Door             Necr           0%         N/A       100%        9


Dungeon Overview and Level Annotations

Branches:
Dungeon (10/15) Zot: 2098  Temple (1/1) D:4 Zot: 481 Ossuary (visited)
 Bailey (visited)
   Lair: D:8-11         Orc: D:9-12

Altars:
Ashenzari
Dithmenos
Elyvilon
Fedhas
Gozag
Hepliaklqana
Kikubaaqudgha
Makhleb
Okawaru
Qazlal
Ru
Sif Muna
Vehumet
Wu Jian
Xom
Zin
The Shining One

Shops:
D:5 ?


Innate Abilities, Weirdness & Mutations

You passively map the area around you.
You are easily found by Zot.
You glow in the dark.
You regain HP and MP as you explore.


Message History

You closely miss the kobold demonologist.
The kobold demonologist is almost dead.
The sun demon hits you!
You are engulfed in flames!
* * * LOW HITPOINT WARNING * * *
The crimson imp blinks!
You hit the kobold demonologist.
The kobold demonologist is almost dead.
The killer bee stings you.
* * * LOW HITPOINT WARNING * * *
The smoke demon gestures at you.
The sticky flame hits the ufetubus.
The ufetubus is burned terribly!
The ufetubus is covered in liquid flames!
You miss the kobold demonologist.
The kobold demonologist is almost dead.
The ufetubus burns!
The ufetubus dies!
The ufetubus disappears in a puff of smoke!
The smoke demon gestures at you. Something smites you!
* * * LOW HITPOINT WARNING * * *
The kobold demonologist gestures wildly while chanting.
You closely miss the kobold demonologist.
The kobold demonologist is almost dead.
The killer bee stings you!
* * * LOW HITPOINT WARNING * * *
The smoke demon gestures at you. The ball of steam hits you. You resist.
* * * LOW HITPOINT WARNING * * *
You miss the kobold demonologist.
The kobold demonologist is almost dead.
The kobold demonologist looks encouraged for a moment.
The crimson imp blinks!
The killer bee stings you.
* * * LOW HITPOINT WARNING * * *
You barely miss the kobold demonologist.
The kobold demonologist is almost dead.
The kobold demonologist casts a spell.
The sun demon hits you!
* * * LOW HITPOINT WARNING * * *
You are engulfed in flames!!
You die...

###...#..##.# ..#,
.,.......##.# ..#
###.#.#..##.# *..# #
#.#(#.#..##.# ..#.#
.........##.######..#.##
..#............5...ยง...##
*
#.###.##..5....#.#.......
#.# #.##......5yK5.#...#
*, #.#
#.....#...y3@4.....#
#.#,#.....#.##.35#.....# *
#.#,#.#..##.##.....#.### ,
..#,#.#..##.##..........
,* #.#
#.#..##.##..####.###, *
,., ,..........., ># * # ,
.##* #.#...## # , .. , ,
,...#.#.# , , .. , . ....#
* , ,


You could see a sun demon (summoned), a kobold demonologist, a smoke demon
(summoned), a chaos spawn (summoned), 2 killer bees, an iron imp (summoned), a
crimson imp (summoned, expiring), 2 white imps and an ufetubus (summoned).

Vanquished Creatures
  Erolcha (D:9)
  2 vault guards (Bailey)
  A two-headed ogre (D:8)
  A gargoyle (D:10)
  Maggie (D:7)
  Psyche (D:8)
  A troll (D:9)
  Prince Ribbit (Bailey)
  14 yaks
  A wraith (D:10)
  3 wyverns
  3 humans (Bailey)
  2 steam dragons
  An acid dragon (D:8)
  3 water moccasins
  5 orc warriors
  A sky beast (D:7)
  A centaur (D:10)
  2 phantoms
  A kobold brigand (D:8)
  7 bullfrogs
  A scorpion (D:5)
  6 killer bees
  3 howler monkeys
  An electric eel (D:8)
  2 hounds (D:7)
  Crazy Yiuf (D:3)
  2 orc priests
  A human zombie (Ossuary)
  A gnoll bouda (D:9)
  4 orc wizards
  2 hound zombies (Ossuary)
  4 mummies (Ossuary)
  10 gnolls
  3 adders
  A shadow imp (D:6)
  A white imp (D:5)
  An ufetubus (D:6)
  An adder zombie (Ossuary)
  A worm (D:2)
  A dart slug (D:2)
  13 orcs
  7 endoplasms
  3 giant cockroaches
  13 goblins
  10 hobgoblins
  4 jackals
  2 quokkas
  6 ball pythons
  8 bats
  2 frilled lizards (D:1)
  2 goblin zombies (Ossuary)
  A hobgoblin zombie (Ossuary)
  10 kobolds
  A kobold zombie (Ossuary)
  2 orc zombies (Ossuary)
  4 rats
  2 rat zombies (Ossuary)
190 creatures vanquished.

Vanquished Creatures (collateral kills)
  A yak (D:9)
  2 humans (Bailey)
  2 electric eels (D:8)
  An orc wizard (D:8)
  2 orcs (D:8)
  A hobgoblin (Bailey)
9 creatures vanquished.

Vanquished Creatures (others)
  A yak (D:9)
  3 humans (Bailey)
  A bullfrog (Bailey)
  An electric eel (D:8)
  7 plants (D:8)
13 creatures vanquished.

Grand Total: 212 creatures vanquished

Notes
Turn   | Place    | Note
-------+----------+-------------------------------------------
     0 | D:5      | iguanaiguana the Meteoran Delver began the quest for the
                  | Orb.
     0 | D:5      | Reached XP level 1. HP: 19/19 MP: 2/2
    57 | D:4      | Found a staircase to the Ecumenical Temple.
    66 | Temple   | Entered the Ecumenical Temple
   163 | Temple   | Became a worshipper of the Wu Jian Council
   323 | D:2      | Reached XP level 2. HP: 27/27 MP: 3/3
   448 | D:1      | Reached XP level 3. HP: 24/33 MP: 2/4
   651 | D:1      | Reached XP level 4. HP: 29/41 MP: 3/5
   714 | D:1      | Reached skill level 5 in Fighting
   765 | D:1      | Reached * piety under Wu Jian
  1004 | D:2      | Reached XP level 5. HP: 27/49 MP: 4/6
  1353 | D:3      | Found a runed translucent door.
  1354 | D:3      | Noticed Crazy Yiuf
  1362 | D:3      | Killed Crazy Yiuf
  1363 | D:3      | Reached skill level 1 in Staves
  1398 | D:3      | Reached XP level 6. HP: 53/57 MP: 7/7
  1464 | D:3      | Found a broken altar of Ashenzari.
  1704 | D:4      | Found a shimmering blue altar of Sif Muna.
  1769 | D:4      | Reached ** piety under Wu Jian
  1822 | D:5      | Identified a scroll of acquirement
  1823 | D:5      | Acquired a manual of Dodging
  1850 | D:5      | Noticed a water moccasin
  1869 | D:5      | Reached skill level 1 in Throwing
  1884 | D:5      | Killed a water moccasin
  1885 | D:5      | Reached skill level 3 in Dodging
  1885 | D:5      | Reached XP level 7. HP: 47/62 MP: 4/8
  1912 | D:5      | Found Acor's Magic Scroll Boutique.
  1918 | D:5      | Bought a scroll of identify for 28 gold pieces
  1918 | D:5      | Bought a scroll of fear for 56 gold pieces
  1918 | D:5      | Bought a scroll of identify for 28 gold pieces
  1918 | D:5      | Bought a scroll of identify for 28 gold pieces
  1945 | D:5      | Reached skill level 5 in Dodging
  2031 | D:5      | Reached skill level 6 in Dodging
  2141 | D:6      | Reached skill level 7 in Dodging
  2141 | D:6      | Reached XP level 8. HP: 48/70 MP: 5/9
  2266 | D:7      | Reached skill level 8 in Dodging
  2275 | D:7      | Reached skill level 9 in Dodging
  2301 | D:7      | Noticed a steam dragon
  2309 | D:7      | Killed a steam dragon
  2310 | D:7      | Reached skill level 10 in Dodging
  2310 | D:7      | Reached skill level 5 in Staves
  2330 | D:7      | Noticed Maggie
  2339 | D:7      | Killed Maggie
  2340 | D:7      | Gained mutation: You passively map the area around you.
                  | [Meteoran growth]
  2340 | D:7      | Reached XP level 9. HP: 61/75 MP: 7/10
  2542 | D:8      | Noticed Psyche
  2555 | D:8      | Killed Psyche
  2559 | D:8      | Noticed a two-headed ogre
  2587 | D:8      | Killed a two-headed ogre
  2588 | D:8      | Reached XP level 10. HP: 83/84 MP: 11/11
  2637 | D:8      | Found a sand-covered staircase.
  2647 | Ossuary  | Entered an ossuary
  2670 | Ossuary  | Reached *** piety under Wu Jian
  2900 | D:8      | Found a flagged portal.
  2955 | Bailey   | Entered a bailey
  3068 | Bailey   | Reached skill level 10 in Fighting
  3087 | Bailey   | Noticed a vault guard
  3098 | Bailey   | Killed a vault guard
  3099 | Bailey   | Reached XP level 11. HP: 78/99 MP: 9/12
  3132 | Bailey   | Noticed a vault guard
  3132 | Bailey   | Noticed Prince Ribbit
  3146 | Bailey   | Killed Prince Ribbit
  3147 | Bailey   | Reached skill level 11 in Dodging
  3185 | Bailey   | Killed a vault guard
  3186 | Bailey   | Reached skill level 12 in Dodging
  3239 | D:8      | Found an ancient bone altar of Kikubaaqudgha.
  3273 | D:8      | Reached skill level 13 in Dodging
  3320 | D:8      | Reached **** piety under Wu Jian
  3477 | D:8      | Found a burning altar of Makhleb.
  3515 | D:9      | Reached skill level 14 in Dodging
  3534 | D:9      | Noticed Erolcha
  3552 | D:9      | Killed Erolcha
  3554 | D:9      | Reached skill level 5 in Shields
  3876 | D:10     | Entered Level 10 of the Dungeon
  3910 | D:10     | Found a radiant altar of Vehumet.
  3983 | D:10     | Reached XP level 12. HP: 99/106 MP: 13/13
  4210 | D:10     | Reached skill level 1 in Maces & Flails
  4343 | D:10     | Noticed a sun demon
  4351 | D:10     | Slain by a sun demon

Illustrated notes

Levels and vault maps discovered:
D:1:      mrwooster_arrival_statue_2, layout_basic
D:2:      minmay_angry_zag, layout_loops_corners,
          hellmonk_ecumenical_altar_leap_of_faith, uniq_jessica
D:3:      layout_loops_corners, nicolae_overflow_hidden_temple,
          minmay_door_square, serial_bayou_pond_e, uniq_crazy_yiuf_cottage
D:4:      layout_basic, nicolae_sif_muna_little_library,
          minmay_temple_entry_statues_pillars
D:5:      layout_loops_corners, serial_shops, shop, kennysheep_generic_room_12
D:6:      layout_loops_ring
D:7:      layout_cave_pools, nicolae_figureground_pulse, uniq_maggie
D:8:      layout_basic, mainiacjoe_overflow_boulevard, minitemple,
          lightli_ossuary_entry_decrepit_ruins, enter_bailey_3, uniq_psyche
D:9:      layout_grid_maze, mainiacjoe_overflow_tiny_flanked,
          serial_park_tiny_2, uniq_erolcha
D:10:     layout_basic, nicolae_vehumet_altar_sigil, david_lair_shrubbed,
          orc_0_dummy, kennysheep_small_circle
Temple:   bh_familiar_temple

Skill      XL: |  1  2  3  4  5  6  7  8  9 10 11 12 |
---------------+-------------------------------------+-----
Fighting       | 4 5 6 10 | 10.5
Staves         | 3 4 7 |  7.5
Throwing       | 3 |  3.0
Dodging        | 3 7 10 14 | 14.0
Polearms       | 6 |  6.8
Evocations     | 6 |  6.0
Axes           | 4 |  4.2
Shields        | 8 |  8.0
Maces & Flails | 4 |  4.0
Stealth        | |  3.7

Action                     |  1- 3 |  4- 6 |  7- 9 | 10-12 || total
---------------------------+-------+-------+-------+-------++-------
  Melee: Spear             |   121 |   122 |       |       ||   243
         Punch             |     1 |       |       |       ||     1
         Quarterstaff      |       |    61 |   107 |    20 ||   188
         Glaive            |       |       |     2 |   180 ||   182
         Broad axe         |       |       |       |   231 ||   231
         Morningstar       |       |       |       |    80 ||    80
  Throw: Throwing net      |       |     1 |       |     1 ||     2
         Dart              |       |       |    13 |    12 ||    25
 Invoke: Serpent's Lash    |       |       |       |     1 ||     1
Ability: Lunge             |     3 |    18 |     6 |    11 ||    38
         Whirlwind         |       |    45 |    47 |   146 ||   238
         Wall Jump         |       |       |       |     3 ||     3
  Evoke: Wand              |       |     1 |    14 |     8 ||    23
    Use: Scroll            |     1 |     9 |     6 |    10 ||    26
         Potion            |       |     3 |       |     4 ||     7
   Stab: Held in net/web   |       |     1 |       |     1 ||     2
         Paralysed         |       |       |     1 |       ||     1
         Distracted        |       |       |       |     1 ||     1
 Armour: Leather armour    |    34 |       |     8 |       ||    42
         Chain mail        |       |    76 |       |       ||    76
         Plate armour      |       |    78 |     1 |       ||    79
         Steam dragon scal |       |       |    17 |   148 ||   165
  Dodge: Dodged            |    60 |    33 |    77 |   498 ||   668
  Block: Buckler           |       |       |       |   121 ||   121

Table legend: (Time is in decaauts)
 A = Elapsed time spent in this place.
 B = Non-inter-level travel time spent in this place.
 C = Inter-level travel time spent in this place.
 D = Time resting spent in this place.
 E = Time spent auto-exploring this place.
 F = Levels seen in this place.
 G = Mean time per level.
                   A        B        C        D        E       F      G
               +--------+--------+--------+--------+--------+-----+--------+
         Total |   4481 |   4239 |    242 |      0 |     52 |  13 |  344.7 |
       Dungeon |   3900 |   3682 |    218 |      0 |      0 |  10 |  390.0 |
        Temple |    118 |     94 |     24 |      0 |     52 |   1 |  118.0 |
       Ossuary |    186 |    186 |      0 |      0 |      0 |   1 |  186.0 |
        Bailey |    276 |    276 |      0 |      0 |      0 |   1 |  276.0 |
               +--------+--------+--------+--------+--------+-----+--------+

Top non-repeatable levels by time:
     D:3: 554 daAuts
     D:8: 538 daAuts
    D:10: 525 daAuts
     D:2: 451 daAuts
     D:9: 403 daAuts
     D:5: 352 daAuts
     D:1: 350 daAuts
     D:4: 308 daAuts
     D:7: 295 daAuts
  Bailey: 276 daAuts
 Ossuary: 186 daAuts
     D:6: 121 daAuts
  Temple: 118 daAuts
